 Dungeon Crawl Stone Soup version 0.29.1-2-gbd0b4ee654 (webtiles) character file.

Game seed: 5497684404634293093

265 safid the Shooter (level 5, -7/49 HPs)
             Began as a Minotaur Hunter on Oct 24, 2022.
             Mangled by an ogre
             ... wielding a +0 giant club
              (13 damage)
             ... on level 4 of the Dungeon.
             The game lasted 00:03:54 (2753 turns).

safid the Shooter (Minotaur Hunter)                 Turns: 2753, Time: 00:03:54

Health: -7/49      AC:  7    Str: 16    XL:     5   Next: 99%
Magic:  4/4        EV: 10    Int:  6    God:
Gold:   211        SH:  0    Dex: 15    Spells: 4/4 levels left

rFire   . . .      SeeInvis .   a - +0 shortbow
rCold   . . .      Faith    .   (shield currently unavailable)
rNeg    . . .      Spirit   .   l - +0 scale mail
rPois   .          Reflect  .   (helmet restricted)
rElec   .          Harm     .   (no cloak)
rCorr   .          Rampage  .   c - +0 pair of gloves
Will    .....                   (no boots)
Stlth   ..........              (no amulet)
HPRegen 0.16/turn               (no ring)
MPRegen 0.09/turn               (no ring)

@: no status effects
A: horns 2, retaliatory headbutt
a: no special abilities


You were on level 4 of the Dungeon.
You visited 1 branch of the dungeon, and saw 4 of its levels.

You collected 211 gold pieces.

Inventory:

Hand Weapons
 a - a +0 shortbow (weapon)
Armour
 c - a +0 pair of gloves (worn)
 l - a +0 scale mail (worn)
Scrolls
 b - 2 scrolls of teleportation {unknown}
 d - a scroll of blinking {unknown}
 g - 2 scrolls of identify {unknown}
 h - a scroll of noise {unknown}
 k - 2 scrolls of fear {unknown}
 n - a scroll of poison {unknown}
 p - a scroll of summoning
Potions
 e - 2 potions of flight {unknown}
 f - a potion of attraction {unknown}
 i - a potion of heal wounds {unknown}
 j - 2 potions of curing {unknown}
 m - a potion of ambrosia {unknown}
 o - 2 potions of mutation {unknown}


   Skills:
 + Level 5.6 Fighting
 + Level 6.4 Ranged Weapons
 - Level 2.1 Dodging
 - Level 0.7 Stealth


You had 4 spell levels left.
You didn't know any spells.
Your spell library contained the following spells:

 Spells                   Type           Power      Damage    Failure   Level
 Magic Dart               Conj           0%         1d3       88%         1
 Call Imp                 Summ           0%         N/A       96%         2
 Mephitic Cloud           Conj/Pois/Air  0%         N/A       99%         3


Dungeon Overview and Level Annotations

Branches:
Dungeon (4/15)
 Temple: D:4-7

Altars:
Fedhas
Uskayaw
Vehumet

Shops:
D:3 [


Innate Abilities, Weirdness & Mutations

You have a pair of horns on your head.
You reflexively headbutt those who attack you in melee.


Message History

The arrow barely misses the giant cockroach.
The giant cockroach barely misses you. x2
You shoot an arrow.
The arrow hits the giant cockroach but does no damage.
The giant cockroach closely misses you. You furiously retaliate!
You headbutt the giant cockroach.
You kill the giant cockroach!
No target in view!
No target in view!
You now have 211 gold pieces (gained 17).
There is a blossoming altar of Fedhas here.
An ogre comes into view. It is wielding a +0 giant club.
The ogre barely misses you.
You shoot an arrow. The arrow hits the ogre!
The ogre is moderately wounded.
The ogre hits you with a +0 giant club!
You shoot an arrow. The arrow hits the ogre.
The ogre is heavily wounded.
The ogre closely misses you.
You shoot an arrow. The arrow hits the ogre.
The ogre is severely wounded.
The ogre hits you with a +0 giant club.
You shoot an arrow.
The arrow hits the ogre but does no damage.
The ogre is severely wounded.
The ogre barely misses you. You furiously retaliate!
You headbutt the ogre, but do no damage.
You shoot an arrow. The arrow hits the ogre!
The ogre is almost dead.
The ogre hits you with a +0 giant club!!
Ouch! That really hurt!
* * * LOW HITPOINT WARNING * * *
You are too injured to fight recklessly!
Unknown command.
Fire: a) +0 shortbow
Press: ? - help, Q - select action Shift-Dir - straight line, f/p - ogre
Aim: an ogre, wielding a +0 giant club (almost dead, 77% to hit)
You shoot an arrow. The arrow barely misses the ogre.
The ogre hits you with a +0 giant club!
You die...

#.##.##.#
####.#...#.##..
#......_.......
..##.#...#.##..
#.##.##.#
#.......#
####.####
..#####.###
......O@..#
..........#
.........##
........##
#########


You could see an ogre.

Vanquished Creatures
  A phantom (D:4)
  Jessica (D:3)
  An iguana (D:4)
  Robin (D:2)
  3 adders
  4 worms
  2 dart slugs
  An orc (D:4)
  7 ball pythons
  4 endoplasms
  2 giant cockroaches
  4 hobgoblins (D:2)
  6 jackals
  8 kobolds
  6 quokkas
  5 bats
  6 frilled lizards
  16 goblins
  5 rats (D:1)
83 creatures vanquished.

Vanquished Creatures (others)
  5 fungi (D:2)
  2 plants (D:2)
7 creatures vanquished.

Grand Total: 90 creatures vanquished

Notes
Turn   | Place    | Note
-------+----------+-------------------------------------------
     0 | D:1      | safid the Minotaur Hunter began the quest for the Orb.
     0 | D:1      | Reached XP level 1. HP: 18/18 MP: 0/0
   148 | D:1      | Reached XP level 2. HP: 25/25 MP: 1/1
   604 | D:1      | Reached skill level 5 in Ranged Weapons
   604 | D:1      | Reached XP level 3. HP: 31/31 MP: 2/2
   784 | D:2      | Found a radiant altar of Vehumet.
   981 | D:2      | Reached XP level 4. HP: 40/40 MP: 3/3
  1001 | D:2      | Noticed Robin
  1015 | D:2      | HP: 1/40 [goblin/+0 dagger[Robin] (3)]
  1317 | D:2      | Killed Robin
  1674 | D:2      | Found a faded altar of an unknown god.
  1923 | D:3      | Noticed a +0 falchion
  1923 | D:3      | Noticed a +0 falchion
  1923 | D:3      | Noticed a +0 short sword
  1923 | D:3      | Noticed a +0 spear
  1923 | D:3      | Noticed a +0 dagger
  1923 | D:3      | Noticed a +0 dagger
  1923 | D:3      | Noticed a +0 spear
  1924 | D:3      | Noticed a +0 short sword
  1967 | D:3      | Found a hide-covered altar of Uskayaw.
  1996 | D:3      | Found Cilukhlyr's Antique Armour Shoppe.
  2096 | D:3      | Noticed Jessica
  2104 | D:3      | Killed Jessica
  2536 | D:3      | Reached XP level 5. HP: 47/47 MP: 4/4
  2665 | D:4      | Reached skill level 5 in Fighting
  2665 | D:4      | Reached skill level 6 in Ranged Weapons
  2697 | D:4      | Noticed a phantom
  2710 | D:4      | Killed a phantom
  2729 | D:4      | Found a blossoming altar of Fedhas.
  2746 | D:4      | Noticed an ogre
  2753 | D:4      | Mangled by an ogre

Illustrated notes

Levels and vault maps discovered:
D:1:      lemuel_arrival_room, layout_basic
D:2:      layout_basic, basic_altar, shapermc_ecumenical_altar_mp_urbaneastern,
          uniq_robin
D:3:      layout_basic, nicolae_uskayaw_en_pointe, serial_shops,
          nicolae_shop_trees, uniq_jessica
D:4:      layout_rooms, nicolae_overflow_crystal_walls, old_standard_altar,
          enter_ossuary_4

Skill      XL: |  1  2  3  4  5 |
---------------+----------------+-----
Fighting       | 3 4 5 |  5.6
Ranged Weapons | 5 6 |  6.4
Dodging        | |  2.1
Stealth        | |  0.7

Action                   |  1- 3 |  4- 6 || total
-------------------------+-------+-------++-------
 Fire: Shortbow          |   104 |   122 ||   226
Armor: Leather armour    |    17 |    12 ||    29
       Scale mail        |       |    22 ||    22
Dodge: Dodged            |    39 |    39 ||    78
